 Dungeon Crawl Stone Soup version 0.27.1-34-g3ba077fa99 (webtiles) character file.

Game seed: 15286640795029695175

38 mcbry74 the Twirler (level 3, 0/36 HPs)
             Began as an Ogre Gladiator on Jan 26, 2022.
             Slain by Sigmund (7 damage)
             ... on level 2 of the Dungeon.
             The game lasted 00:04:05 (1704 turns).

mcbry74 the Twirler (Ogre Gladiator)                Turns: 1704, Time: 00:04:06

Health: 0/36       AC:  3    Str: 16 (18) XL:     3   Next: 43%
Magic:  3/3        EV: 10    Int:  8 (10) God:
Gold:   88         SH:  0    Dex:  8 (10) Spells: 2/2 levels left

rFire    . . .     SeeInvis .   a - +0 quarterstaff
rCold    . . .     Faith    .   (shield currently unavailable)
rNeg     . . .     Spirit   .   b - +0 robe
rPois    .         Reflect  .   c - +0 hat
rElec    .         Harm     .   (no cloak)
rCorr    .         Rampage  .   (gloves unavailable)
Will     .....                  (boots unavailable)
Stlth    +.........             (no amulet)
HPRegen  0.12/turn              (no ring)
MPRegen  0.08/turn              (no ring)

@: no status effects
A: large, unfitting armour, tough skin 1
a: no special abilities


You were on level 2 of the Dungeon.
You visited 1 branch of the dungeon, and saw 2 of its levels.

You collected 88 gold pieces.

Inventory:

Hand Weapons
 a - a +0 quarterstaff (weapon)
 h - a +1 vorpal hunting sling
Missiles
 d - a throwing net (quivered)
 e - 17 stones
Armour
 b - a +0 robe (worn)
 c - a +0 hat (worn)


   Skills:
 - Level 2.6 Fighting
 + Level 4.4 Staves
 - Level 2.0 Throwing
 - Level 2.6 Dodging


You had 2 spell levels left.
You didn't know any spells.
Your spell library contained the following spells:

 Spells                   Type           Power      Damage    Failure   Level
 Animate Dead             Necr           0%         N/A       99%         4
 Borgnjor's Vile Clutch   Necr/Erth      0%         N/A       100%        5
 Death Channel            Necr           0%         N/A       100%        6


Dungeon Overview and Level Annotations

Branches:
Dungeon (2/15)

Altars:

Annotations:
D:2 Sigmund


Innate Abilities, Weirdness & Mutations

You are too large for most types of armour.
You have tough skin. (AC +1)


Message History

You aren't carrying any scrolls.
Sigmund hits you from afar with a +0 scythe!
Throw: 3 throwing nets
Press: ? - help, Q - select action, (/) - cycle Shift-Dir - straight line, f - Sigmund
Aim: Sigmund, wielding a +0 scythe and wearing a +0 robe (52% to hit)
You throw a throwing net.
The throwing net closely misses Sigmund.
Throw: 2 throwing nets
Press: ? - help, Q - select action, (/) - cycle Shift-Dir - straight line, f/p - Sigmund
Aim: Sigmund, wielding a +0 scythe and wearing a +0 robe (52% to hit)
You throw a throwing net. The throwing net hits Sigmund.
Sigmund is caught in the net!
Sigmund struggles against the net.
Sigmund struggles against the net.
You hit Sigmund.
Sigmund is lightly wounded.
Sigmund struggles against the net.
You sock Sigmund!
Sigmund is heavily wounded.
Sigmund struggles against the net.
You hit Sigmund.
Sigmund is severely wounded.
Sigmund struggles against the net.
The net rips apart, and Sigmund comes free!
You hit Sigmund.
Sigmund is severely wounded.
Sigmund casts a spell at you. The magic dart hits you.
You barely miss Sigmund.
Sigmund is severely wounded.
Sigmund points at you and mumbles some strange words.
The magic dart hits you.
* * * LOW HITPOINT WARNING * * *
You barely miss Sigmund.
Sigmund is severely wounded.
Sigmund barely misses you.
You barely miss Sigmund.
Sigmund is severely wounded.
Sigmund hits you with a +0 scythe!
You die...

### ###### ###
####.#####.##.# ####.#
...........#..# #....#
##########.#..###.##.#
.........#.#....@....#
########.#.##.###@####
#.#....# #.# #.######
#.# #.# #.# #.# #.#
#.# #.# ######.## #.#
###.....†.# #.#


You could see Sigmund.

Vanquished Creatures
  A dart slug (D:2)
  3 ball pythons (D:1)
  3 endoplasms (D:1)
  3 giant cockroaches
  3 hobgoblins
  5 kobolds (D:1)
  A quokka (D:2)
  4 bats
  2 frilled lizards
  4 goblins (D:1)
  2 rats (D:1)
31 creatures vanquished.

Notes
Turn   | Place    | Note
-------+----------+-------------------------------------------
     0 | D:1      | mcbry74 the Ogre Gladiator began the quest for the Orb.
     0 | D:1      | Reached XP level 1. HP: 22/22 MP: 1/1
   319 | D:1      | Reached XP level 2. HP: 24/29 MP: 2/2
   619 | D:1      | Found a faded altar of an unknown god.
   899 | D:1      | Reached skill level 4 in Staves
   992 | D:1      | Reached XP level 3. HP: 36/36 MP: 3/3
  1635 | D:2      | Noticed Sigmund
  1704 | D:2      | Slain by Sigmund

Illustrated notes

Levels and vault maps discovered:
D:1:      amcnicky_arrival_underground_garden, layout_loops_corners,
          dreamdust_ecumenical_altar_angels_and_demons
D:2:      layout_basic, uniq_sigmund

Skill      XL: |  1  2 |
---------------+-------+-----
Staves         | 4 |  4.4
Fighting       | |  2.6
Throwing       | |  2.0
Dodging        | |  2.6

Action                   || total
-------------------------++-------
Melee: Quarterstaff      ||   104
Throw: Throwing net      ||     2
  Use: Potion            ||     2
 Stab: Sleeping          ||     2
Armor: Robe              ||    36
Dodge: Dodged            ||    54
